[Event "28th Bosnjaci Open 2024"]
[Site "Bosnjaci"]
[Date "2024.01.04"]
[Round "3.20"]
[White "Rosic, Slavko S"]
[Black "Zadravec, Marin"]
[Result "1-0"]
[ECO "B34"]
[WhiteElo "2231"]
[BlackElo "1915"]
[Annotator "RC"]
[PlyCount "93"]
[EventDate "2024.01.02"]
[EventType "swiss"]
[EventCountry "CRO"]
[SourceTitle "playchess.com"]
[Source "ChessBase"]
[SourceQuality "1"]
[TimeControl "5400+30"]

1. e4 c5 2. Nf3 Nc6 3. d4 cxd4 4. Nxd4 g6 5. Nc3 Bg7 6. Be3 Nf6 7. f3 O-O 8. Qd2 d5 9. Nxc6 bxc6 10. O-O-O e6 11. e5 Nd7 12. f4 c5 13. Nxd5 exd5 14. Qxd5 Qb6 15. Rd3 Rb8 16. Rb3 Qe6 17. Bc4 Qxd5 18. Bxd5 Rxb3 19. Bxb3 Re8 20. Ba4 Bf8 21. Rd1 Re7 22. Bb3 Kg7 23. g4 Nb6 24. Bxc5 Rd7 25. Bd4 Rxd4 26. Rxd4 Bxg4 27. Kd2 Bc5 28. Rd8 Bg1 29. h4 Bh2 30. Rd4 Bg3 31. a4 Bxh4 32. a5 Nc8 33. Rc4 Be6 34. Rc7 Bxb3 35. cxb3 Ne7 36. Rxa7 Nd5 37. a6 Bf2 38. Rb7 Nxf4 39. a7 Bxa7 40. Rxa7 h5 41. b4 h4 42. b5 Nd5 43. e6 Kf6 44. exf7 Kg7 45. Rd7 h3 46. Rxd5 h2 47. Rd8 1-0

[Event "28th Bosnjaci Open 2024"]
[Site "Bosnjaci"]
[Date "2024.01.05"]
[Round "4.1"]
[White "Sajin, Mirko"]
[Black "Saric, Ante"]
[Result "1/2-1/2"]
[ECO "B22"]
[WhiteElo "2299"]
[BlackElo "2508"]
[Annotator "TA"]
[PlyCount "68"]
[EventDate "2024.01.02"]
[EventType "swiss"]
[EventCountry "CRO"]
[SourceTitle "playchess.com"]
[Source "ChessBase"]
[SourceQuality "1"]
[TimeControl "5400+30"]

1. e4 c5 2. c3 d5 3. exd5 Qxd5 4. d4 e6 5. Nf3 Nf6 6. Bd3 Be7 7. O-O O-O 8. Be3 cxd4 9. cxd4 b6 10. Nc3 Qd8 11. Qe2 {[%emt 0:03:50] B22: Sicilian: 2 c3.} Bb7 12. Rad1 Nd5 13. Nxd5 Bxd5 {[%emt 0:03:44] [#]} 14. b3 $146 ({Predecessor:} 14. a3 Nc6 15. Ne5 Rc8 16. Rfe1 Bd6 17. Bc1 Qh4 18. g3 Qh3 19. Be4 Nxd4 20. Rxd4 Bxe5 {0-1 Seger,R (2390)-Roiz,M (2668) Bundesliga 1112 2011 (13.6)}) 14... Nd7 (14... Nc6 {is more complex.} 15. Ne5 Nb4 16. Bb1 Rc8) 15. Ne5 Nxe5 16. dxe5 Qc7 17. Bf4 (17. Qh5 {is interesting.} g6 18. Qh6 Rfc8 19. Qf4) 17... a5 18. Be4 Bxe4 19. Qxe4 Rad8 20. Rc1 Bc5 21. Rfd1 {[%emt 0:01:10] Prevents Rd5} Rxd1+ (21... Ba3 $5 22. Rb1 (22. Rxc7 $2 {leads to mate.} Rxd1+) 22... Rc8 $11) 22. Rxd1 {[%emt 0:00:09] The position is equal.} Rd8 23. Rxd8+ Qxd8 $11 {[%emt 0:00:03][%mdl 4096] Endgame KQB-KQB} 24. g3 h6 25. Be3 Bxe3 26. Qxe3 {[%emt 0:00:09] KQ-KQ} Qd1+ 27. Kg2 Qd5+ 28. Kg1 b5 29. Qc3 b4 30. Qc8+ Kh7 {[%emt 0:00:09] [#] Hoping for ...Qd2.} 31. Qc7 Qd1+ 32. Kg2 Qd5+ 33. Kg1 Qd1+ 34. Kg2 Qd5+ {[%emt 0:00:20] Not much happened in this game.   Weighted Error Value: White=0.03 (flawless) /Black=0.03 (flawless)} 1/2-1/2

[Event "28th Bosnjaci Open 2024"]
[Site "Bosnjaci"]
[Date "2024.01.05"]
[Round "4.2"]
[White "Milovic, Jovan"]
[Black "Fercec, Nenad"]
[Result "1/2-1/2"]
[ECO "A45"]
[WhiteElo "2223"]
[BlackElo "2410"]
[Annotator "ChessBase"]
[PlyCount "89"]
[EventDate "2024.01.02"]
[EventType "swiss"]
[EventCountry "CRO"]
[SourceTitle "playchess.com"]
[Source "ChessBase"]
[SourceQuality "1"]
[TimeControl "5400+30"]

1. d4 Nf6 2. Bg5 Ne4 3. Bf4 c5 4. d5 d6 5. f3 Nf6 6. e4 e6 7. Bb5+ Bd7 8. Bxd7+ Qxd7 9. Nc3 Be7 10. Nh3 e5 11. Be3 b5 12. a4 b4 13. Nb1 a5 14. Nd2 Qb7 15. Nc4 Nbd7 16. Nf2 Nb6 17. Nxb6 Qxb6 18. b3 Qc7 19. O-O O-O 20. Rc1 Nd7 21. c4 Qd8 22. Qd2 h6 23. g3 Bg5 24. f4 exf4 25. gxf4 Bh4 26. Nd3 Re8 27. Qg2 f5 28. e5 dxe5 29. fxe5 Nxe5 30. Nxe5 Rxe5 31. Bxc5 Qc7 32. Bd4 Re4 33. d6 Qd7 34. Rxf5 Rae8 35. Qxg7+ Qxg7+ 36. Bxg7 Kxg7 37. Rxa5 Rd4 38. Rd5 Rxd5 39. cxd5 Rd8 40. Rc4 Bf6 41. Rxb4 Rxd6 42. Rb5 Bd4+ 43. Kg2 Kf6 44. Kf3 Ke5 45. a5 1/2-1/2

[Event "28th Bosnjaci Open 2024"]
[Site "Bosnjaci"]
[Date "2024.01.05"]
[Round "4.3"]
[White "Kovacevic, Blazimir"]
[Black "Plenkovic, Zdenko"]
[Result "0-1"]
[ECO "D04"]
[WhiteElo "2381"]
[BlackElo "2335"]
[Annotator "RC"]
[PlyCount "74"]
[EventDate "2024.01.02"]
[EventType "swiss"]
[EventCountry "CRO"]
[SourceTitle "playchess.com"]
[Source "ChessBase"]
[SourceQuality "1"]
[TimeControl "5400+30"]

1. d4 Nf6 2. Nf3 g6 3. e3 Bg7 4. Be2 O-O 5. O-O d5 6. b4 Nc6 7. a3 Ne4 8. Bb2 Nd6 9. Nbd2 Bg4 10. h3 Bxf3 11. Bxf3 e6 12. c4 Nf5 13. b5 Nce7 14. a4 Re8 15. Qb3 a6 16. cxd5 exd5 17. Ba3 axb5 18. axb5 Qd7 19. Bc5 h5 20. Rfc1 b6 21. Bxe7 Nxe7 22. Ra4 Bh6 23. Rca1 Rxa4 24. Rxa4 Rd8 25. Nb1 Qe6 26. Qc2 Nf5 27. Nc3 Bxe3 28. Bxd5 Rxd5 29. Nxd5 Bxd4 30. Ne3 Nxe3 31. Qxc7 Qe4 32. Qc6 Qb1+ 33. Kh2 Nf1+ 34. Kg1 Ng3+ 35. Kh2 h4 36. Qe8+ Kg7 37. Rxd4 Qh1# 0-1

[Event "28th Bosnjaci Open 2024"]
[Site "Bosnjaci"]
[Date "2024.01.05"]
[Round "4.5"]
[White "Zaja, Ivan"]
[Black "Alimpic, Aleksa"]
[Result "1-0"]
[ECO "D10"]
[WhiteElo "2419"]
[BlackElo "2282"]
[Annotator "RC"]
[PlyCount "41"]
[EventDate "2024.01.02"]
[EventType "swiss"]
[EventCountry "CRO"]
[SourceTitle "playchess.com"]
[Source "ChessBase"]
[SourceQuality "1"]
[TimeControl "5400+30"]

1. d4 d5 2. c4 dxc4 3. e4 b5 4. a4 c6 5. Nc3 b4 6. Na2 Nf6 7. e5 Nd5 8. Bxc4 e6 9. Nf3 Be7 10. h4 Nd7 11. Bg5 a5 12. Nc1 N5b6 13. Bd3 c5 14. Be4 Rb8 15. Nb3 Bxg5 16. hxg5 Qc7 17. dxc5 Nc4 18. Qd4 Ba6 19. g6 h6 20. gxf7+ Kxf7 21. Bd3 1-0

[Event "28th Bosnjaci Open 2024"]
[Site "Bosnjaci"]
[Date "2024.01.05"]
[Round "4.6"]
[White "Zufic, Miroslav"]
[Black "Starcevic, Ante Leon"]
[Result "1/2-1/2"]
[ECO "A11"]
[WhiteElo "2354"]
[BlackElo "2209"]
[Annotator "RC"]
[PlyCount "42"]
[EventDate "2024.01.02"]
[EventType "swiss"]
[EventCountry "CRO"]
[SourceTitle "playchess.com"]
[Source "ChessBase"]
[SourceQuality "1"]
[TimeControl "5400+30"]

1. Nf3 Nf6 2. g3 g6 3. b3 Bg7 4. Bb2 d5 5. c4 c6 6. Bg2 O-O 7. O-O b6 8. d3 Bb7 9. cxd5 cxd5 10. Nbd2 Nc6 11. Ne5 Nxe5 12. Bxe5 Rc8 13. Nf3 Qd7 14. Qd2 Ne8 15. Bxg7 Nxg7 16. d4 Rc7 17. Ne5 Qd6 18. Rfc1 Rfc8 19. Bh3 e6 20. Qf4 Ne8 21. Qe3 Ba6 1/2-1/2

[Event "28th Bosnjaci Open 2024"]
[Site "Bosnjaci"]
[Date "2024.01.05"]
[Round "4.7"]
[White "Caric, Mato"]
[Black "Culum, Sanjin"]
[Result "0-1"]
[ECO "B90"]
[WhiteElo "2061"]
[BlackElo "2349"]
[Annotator "RC"]
[PlyCount "68"]
[EventDate "2024.01.02"]
[EventType "swiss"]
[EventCountry "CRO"]
[SourceTitle "playchess.com"]
[Source "ChessBase"]
[SourceQuality "1"]
[TimeControl "5400+30"]

1. e4 c5 2. Nf3 d6 3. d4 cxd4 4. Nxd4 Nf6 5. Nc3 a6 6. f3 e5 7. Nb3 Be7 8. Be3 Be6 9. Qd2 h5 10. O-O-O Nbd7 11. Qf2 Rc8 12. h3 b5 13. Bd3 h4 14. f4 Qc7 15. f5 Bc4 16. Kb1 b4 17. Ne2 a5 18. Rc1 a4 19. Nd2 d5 20. exd5 Bxd5 21. b3 Ra8 22. Bb5 Bc6 23. Bxc6 Qxc6 24. Nc4 Qa6 25. a3 bxa3 26. Nc3 a2+ 27. Ka1 axb3 28. cxb3 Qb7 29. Qc2 O-O 30. Rhd1 Nc5 31. Bxc5 Bxc5 32. Nxa2 Bd4+ 33. Kb1 Nd5 34. Re1 Nb4 0-1

[Event "28th Bosnjaci Open 2024"]
[Site "Bosnjaci"]
[Date "2024.01.05"]
[Round "4.8"]
[White "Biti, Ozren"]
[Black "Sipic, Hrvoje"]
[Result "1/2-1/2"]
[ECO "B23"]
[WhiteElo "2308"]
[BlackElo "2185"]
[Annotator "RC"]
[PlyCount "83"]
[EventDate "2024.01.02"]
[EventType "swiss"]
[EventCountry "CRO"]
[SourceTitle "playchess.com"]
[Source "ChessBase"]
[SourceQuality "1"]
[TimeControl "5400+30"]

1. e4 c5 2. Nc3 Nc6 3. Bb5 Nd4 4. Bc4 e6 5. Nge2 a6 6. Nxd4 cxd4 7. Ne2 Bc5 8. d3 b5 9. Bb3 Bb7 10. O-O Ne7 11. Ng3 O-O 12. Qh5 Rc8 13. Bd2 Qe8 14. Qh3 Kh8 15. Rae1 f5 16. f3 Qg6 17. a4 b4 18. Nh5 a5 19. Bf4 Rf7 20. Bg3 Qh6 21. Be5 Kg8 22. Nf4 Qxh3 23. Nxh3 Ng6 24. exf5 Rxf5 25. Bg3 Bd5 26. Nf2 Bxb3 27. cxb3 Nf4 28. Bxf4 Rxf4 29. Rc1 Rff8 30. Rc2 Bb6 31. Rfc1 Rxc2 32. Rxc2 Kf7 33. Ng4 Ke7 34. Rc4 Rf5 35. Kf1 Rc5 36. Rxc5 Bxc5 37. Ke2 Bd6 38. g3 Bc7 39. Nf2 d5 40. f4 h5 41. Kf3 Kf6 42. h3 1/2-1/2

[Event "28th Bosnjaci Open 2024"]
[Site "Bosnjaci"]
[Date "2024.01.05"]
[Round "4.9"]
[White "Zovko, Mario"]
[Black "Saric, Kristina"]
[Result "1-0"]
[ECO "B22"]
[WhiteElo "2268"]
[BlackElo "2111"]
[Annotator "RC"]
[PlyCount "91"]
[EventDate "2024.01.02"]
[EventType "swiss"]
[EventCountry "CRO"]
[SourceTitle "playchess.com"]
[Source "ChessBase"]
[SourceQuality "1"]
[TimeControl "5400+30"]

1. e4 c5 2. c3 Nf6 3. e5 Nd5 4. d4 cxd4 5. cxd4 e6 6. Nf3 d6 7. a3 Be7 8. Bd3 b6 9. O-O O-O 10. Qe2 dxe5 11. dxe5 Nd7 12. Qe4 g6 13. Bc4 Bb7 14. Bh6 Re8 15. Nbd2 Rc8 16. Qg4 a6 17. Rad1 Qc7 18. Rfe1 b5 19. Bb3 a5 20. h4 a4 21. Ba2 Kh8 22. Ng5 Bxg5 23. Qxg5 Qd8 24. Qg3 Ne7 25. Bg5 Qc7 26. Bb1 Nf5 27. Qf4 Kg8 28. Be4 f6 29. exf6 Qxf4 30. Bxf4 Bd5 31. g4 Nd4 32. g5 Nc5 33. Bxd5 exd5 34. Rxe8+ Rxe8 35. Be3 Ne2+ 36. Kf1 Ng3+ 37. Kg2 d4 38. Bxd4 Ne6 39. Kxg3 Nxd4 40. Nf3 Nf5+ 41. Kf4 Re2 42. Rd8+ Kf7 43. Ne5+ Ke6 44. Re8+ Kd5 45. f7 Nd6 46. f8=Q 1-0

[Event "28th Bosnjaci Open 2024"]
[Site "Bosnjaci"]
[Date "2024.01.05"]
[Round "4.10"]
[White "Pavic, Filip"]
[Black "Tukovic, Dario"]
[Result "1-0"]
[ECO "C77"]
[WhiteElo "2261"]
[BlackElo "2132"]
[Annotator "ChessBase"]
[PlyCount "65"]
[EventDate "2024.01.02"]
[EventType "swiss"]
[EventCountry "CRO"]
[SourceTitle "playchess.com"]
[Source "ChessBase"]
[SourceQuality "1"]
[TimeControl "5400+30"]

1. e4 e5 2. Nf3 Nc6 3. Bb5 a6 4. Ba4 Nf6 5. Nc3 Bb4 6. Nd5 Ba5 7. O-O O-O 8. d3 Nxd5 9. exd5 Ne7 10. Nxe5 Nxd5 11. Bb3 Nf6 12. Bg5 Bb4 13. Qf3 Be7 14. Rae1 h6 15. Bxf6 Bxf6 16. Nxf7 Rxf7 17. Qd5 Qf8 18. Qxf7+ Qxf7 19. Re8+ Kh7 20. Bxf7 Bxb2 21. Rfe1 b6 22. h4 h5 23. Bxh5 Bb7 24. Rxa8 Bxa8 25. Bf3 Bxf3 26. gxf3 Bf6 27. Kg2 Kg6 28. Kg3 Kf5 29. Re8 d5 30. f4 a5 31. Rc8 Ke6 32. Rxc7 g5 33. hxg5 1-0

[Event "28th Bosnjaci Open 2024"]
[Site "Bosnjaci"]
[Date "2024.01.05"]
[Round "4.11"]
[White "Konjevic, Nikola"]
[Black "Cvitan, Ena"]
[Result "0-1"]
[ECO "B12"]
[WhiteElo "2035"]
[BlackElo "2242"]
[Annotator "RC"]
[PlyCount "94"]
[EventDate "2024.01.02"]
[EventType "swiss"]
[EventCountry "CRO"]
[SourceTitle "playchess.com"]
[Source "ChessBase"]
[SourceQuality "1"]
[TimeControl "5400+30"]

1. e4 c6 2. d4 d5 3. e5 Bf5 4. h4 Qb6 5. g4 Bd7 6. Be3 Qxb2 7. Nd2 Qa3 8. Rb1 b5 9. Nb3 e6 10. Bd3 Ne7 11. Ne2 Nc8 12. Bc1 Qa6 13. a4 Nb6 14. a5 Nc4 15. O-O Qc8 16. Bxc4 bxc4 17. Nc5 Na6 18. Be3 Nxc5 19. dxc5 Be7 20. Kg2 O-O 21. Qd4 f6 22. f4 Qc7 23. Nc3 fxe5 24. fxe5 Rxf1 25. Rxf1 Rf8 26. Rxf8+ Bxf8 27. Bd2 Qxa5 28. Nxd5 Qxc5 29. Qxc5 Bxc5 30. Be3 Ba3 31. Nc3 c5 32. Nb1 Bb2 33. Bxc5 a5 34. c3 Bc6+ 35. Kf2 Be4 36. Ba3 Ba1 37. Nd2 Bd3 38. Nf3 Bxc3 39. Ke3 Bb4 40. Bb2 h6 41. Kd4 Be2 42. Ng1 c3 43. Bxc3 Bxc3+ 44. Kxc3 Bxg4 45. Kb3 Kf7 46. h5 g6 47. hxg6+ Kxg6 0-1

[Event "28th Bosnjaci Open 2024"]
[Site "Bosnjaci"]
[Date "2024.01.05"]
[Round "4.12"]
[White "Vadher, Devaj M"]
[Black "Rosic, Slavko S"]
[Result "0-1"]
[ECO "C01"]
[WhiteElo "1587"]
[BlackElo "2231"]
[Annotator "RC"]
[PlyCount "52"]
[EventDate "2024.01.02"]
[EventType "swiss"]
[EventCountry "CRO"]
[SourceTitle "playchess.com"]
[Source "ChessBase"]
[SourceQuality "1"]
[TimeControl "5400+30"]

1. e4 e6 2. d4 d5 3. exd5 exd5 4. Bd3 Nc6 5. Ne2 Nb4 6. Bb5+ Bd7 7. Bxd7+ Qxd7 8. a3 Nc6 9. Nbc3 h6 10. Qd3 Nf6 11. Bf4 Bd6 12. O-O-O O-O-O 13. Bxd6 Qxd6 14. Ng3 g6 15. f3 Na5 16. Nb5 Qa6 17. b3 Rhe8 18. Nc3 Nc4 19. bxc4 dxc4 20. Qd2 Qxa3+ 21. Kb1 Re6 22. Na2 Rb6+ 23. Nb4 Rxb4+ 24. Qxb4 Qxb4+ 25. Ka2 Rd6 26. d5 Ra6# 0-1

[Event "28th Bosnjaci Open 2024"]
[Site "Bosnjaci"]
[Date "2024.01.05"]
[Round "4.13"]
[White "Tomas, Ante"]
[Black "Jocev, Milan"]
[Result "1/2-1/2"]
[ECO "D14"]
[WhiteElo "2014"]
[BlackElo "2376"]
[Annotator "RC"]
[PlyCount "51"]
[EventDate "2024.01.02"]
[EventType "swiss"]
[EventCountry "CRO"]
[SourceTitle "playchess.com"]
[Source "ChessBase"]
[SourceQuality "1"]
[TimeControl "5400+30"]

1. d4 d5 2. c4 c6 3. cxd5 cxd5 4. Nc3 Nf6 5. Bf4 Nc6 6. e3 Bf5 7. Nf3 e6 8. Qb3 Bb4 9. Ne5 Bxc3+ 10. bxc3 Nxe5 11. Bxe5 O-O 12. Qxb7 Ne4 13. Ba6 f6 14. Bc7 Qe8 15. O-O Rf7 16. Rfb1 Nd6 17. Qxa8 Qxa8 18. Rb8+ Qxb8 19. Bxb8 Rd7 20. f3 Bg6 21. Kf2 Rd8 22. Bc7 Rd7 23. Ba5 Nc4 24. Bb4 Rc7 25. Bc5 Nb2 26. a4 1/2-1/2

[Event "28th Bosnjaci Open 2024"]
[Site "Bosnjaci"]
[Date "2024.01.05"]
[Round "4.14"]
[White "Zlatarevic, Ivan"]
[Black "Cupic, Lovro"]
[Result "0-1"]
[ECO "D08"]
[WhiteElo "2012"]
[BlackElo "2265"]
[Annotator "RC"]
[PlyCount "80"]
[EventDate "2024.01.02"]
[EventType "swiss"]
[EventCountry "CRO"]
[SourceTitle "playchess.com"]
[Source "ChessBase"]
[SourceQuality "1"]
[TimeControl "5400+30"]

1. d4 d5 2. c4 e5 3. dxe5 d4 4. Nf3 Nc6 5. a3 Nge7 6. Nbd2 Nf5 7. b4 Qe7 8. g3 a5 9. b5 Nxe5 10. Nxe5 Qxe5 11. Bb2 Bc5 12. Bg2 O-O 13. O-O Re8 14. Re1 Qe7 15. Nb3 Rd8 16. Nxc5 Qxc5 17. Qd3 Be6 18. Bxb7 Rab8 19. Bc6 Bxc4 20. Rac1 Qxc6 21. Qxc4 Qxb5 22. Ba1 Rd7 23. Qc2 Re8 24. Rb1 Qd5 25. Red1 h5 26. a4 c6 27. Rb6 Rd6 28. e3 Nh4 29. gxh4 d3 30. Qxd3 Qxd3 31. Rxd3 Rxd3 32. Kg2 Ra3 33. Bb2 Rxa4 34. Rxc6 Ra8 35. Kg3 Ra2 36. Bd4 a4 37. Rc5 a3 38. Rc1 Rd2 39. Kf3 a2 40. Ra1 Rb8 0-1

[Event "28th Bosnjaci Open 2024"]
[Site "Bosnjaci"]
[Date "2024.01.05"]
[Round "4.15"]
[White "Bobanac, Miro"]
[Black "Alfirevic, Duje"]
[Result "0-1"]
[ECO "A13"]
[WhiteElo "2238"]
[BlackElo "2000"]
[Annotator "RC"]
[PlyCount "110"]
[EventDate "2024.01.02"]
[EventType "swiss"]
[EventCountry "CRO"]
[SourceTitle "playchess.com"]
[Source "ChessBase"]
[SourceQuality "1"]
[TimeControl "5400+30"]

1. Nf3 Nf6 2. c4 e6 3. g3 d5 4. b3 Bd6 5. Bb2 O-O 6. Bg2 Nbd7 7. O-O b6 8. Nc3 Bb7 9. d3 Re8 10. Qc2 a6 11. e4 dxe4 12. dxe4 Bb4 13. Rfe1 e5 14. a3 Bxc3 15. Bxc3 Bc6 16. Nd2 Qc8 17. Nf1 Nc5 18. f3 Nfd7 19. Ne3 Qb7 20. Nd5 Rad8 21. Rad1 Ne6 22. Qb2 f6 23. Rd2 Ndf8 24. Red1 Bd7 25. f4 exf4 26. Bxf6 Rb8 27. Bxg7 Nxg7 28. Nf6+ Kh8 29. Rxd7 Nxd7 30. Nxe8 Rxe8 31. Rxd7 Rg8 32. gxf4 Qc8 33. Qd4 Qf8 34. f5 Qxa3 35. Qc3 Qc5+ 36. Kf1 Qc6 37. Qd4 Qh6 38. Qd2 Qxh2 39. Qc3 Qf4+ 40. Bf3 Qg3 41. f6 Qh3+ 42. Ke2 Qxd7 43. Qe5 Re8 44. fxg7+ Kg8 45. Qh5 Qf7 46. Qh6 Qxg7 47. Qc6 Qe5 48. Ke3 Rf8 49. Qd5+ Qxd5 50. cxd5 Rxf3+ 51. Kxf3 a5 52. Kf4 Kf7 53. Ke5 h5 54. d6 cxd6+ 55. Kxd6 Ke8 0-1

[Event "28th Bosnjaci Open 2024"]
[Site "Bosnjaci"]
[Date "2024.01.05"]
[Round "4.16"]
[White "Ljikar, Zoran"]
[Black "Simunic, Krunoslav"]
[Result "1/2-1/2"]
[ECO "C11"]
[WhiteElo "2200"]
[BlackElo "1906"]
[Annotator "RC"]
[PlyCount "99"]
[EventDate "2024.01.02"]
[EventType "swiss"]
[EventCountry "CRO"]
[SourceTitle "playchess.com"]
[Source "ChessBase"]
[SourceQuality "1"]
[TimeControl "5400+30"]

1. e4 e6 2. d4 d5 3. Nc3 Nf6 4. e5 Nfd7 5. f4 c5 6. Nf3 Nc6 7. Be3 cxd4 8. Nxd4 Bc5 9. Qd2 Nxd4 10. Bxd4 Bxd4 11. Qxd4 Qb6 12. O-O-O a6 13. h4 Qxd4 14. Rxd4 b5 15. Rh3 Bb7 16. a4 bxa4 17. Rxa4 Ke7 18. Rg3 g6 19. Ra5 f6 20. exf6+ Nxf6 21. Ne2 Rhf8 22. Rb3 Bc6 23. Nd4 Bd7 24. Rxa6 Rxa6 25. Bxa6 Ne4 26. Rf3 Ra8 27. Ra3 Rf8 28. g3 h6 29. b4 g5 30. hxg5 hxg5 31. Rf3 Nxg3 32. Rxg3 gxf4 33. Rg7+ Kd6 34. Nf3 Rf6 35. Bd3 Be8 36. Rg8 Bh5 37. Be2 e5 38. Rd8+ Ke6 39. Kd2 Bxf3 40. Bxf3 e4 41. Bg4+ Ke5 42. Re8+ Kd6 43. Ra8 Ke5 44. Re8+ Kd6 45. Rd8+ Ke5 46. Re8+ Kd6 47. Ra8 Ke5 48. Re8+ Kd6 49. Ra8 Ke5 50. Re8+ 1/2-1/2

[Event "28th Bosnjaci Open 2024"]
[Site "Bosnjaci"]
[Date "2024.01.05"]
[Round "4.17"]
[White "Ivancic, Ivan"]
[Black "Goric, Esad"]
[Result "1/2-1/2"]
[ECO "B01"]
[WhiteElo "2001"]
[BlackElo "2196"]
[Annotator "RC"]
[PlyCount "27"]
[EventDate "2024.01.02"]
[EventType "swiss"]
[EventCountry "CRO"]
[SourceTitle "playchess.com"]
[Source "ChessBase"]
[SourceQuality "1"]
[TimeControl "5400+30"]

1. e4 d5 2. exd5 Qxd5 3. Nc3 Qd6 4. d4 a6 5. Nf3 Nf6 6. g3 b5 7. Bg2 Bb7 8. O-O e6 9. a3 Be7 10. Bf4 Qd8 11. Qe2 O-O 12. Rad1 Nd5 13. Nxd5 Bxd5 14. Ne5 1/2-1/2

[Event "28th Bosnjaci Open 2024"]
[Site "Bosnjaci"]
[Date "2024.01.05"]
[Round "4.18"]
[White "Markovic, Franjo-Josip"]
[Black "Pusara, Mihailo"]
[Result "1-0"]
[ECO "D37"]
[WhiteElo "2194"]
[BlackElo "1928"]
[Annotator "ChessBase"]
[PlyCount "137"]
[EventDate "2024.01.02"]
[EventType "swiss"]
[EventCountry "CRO"]
[SourceTitle "playchess.com"]
[Source "ChessBase"]
[SourceQuality "1"]
[TimeControl "5400+30"]

1. d4 d5 2. Nf3 Nf6 3. c4 e6 4. Nc3 Be7 5. Bf4 O-O 6. e3 a6 7. c5 Nc6 8. a3 Ne4 9. Nxe4 dxe4 10. Ne5 Nxe5 11. Bxe5 Bd7 12. b4 f6 13. Bg3 Bb5 14. Be2 c6 15. a4 Bxe2 16. Qxe2 Qd5 17. O-O f5 18. Rfb1 Ra7 19. Be5 h6 20. h3 Kh7 21. Ra3 Qd7 22. Rab3 Qd5 23. Qb2 Qc4 24. Rc1 Qd5 25. Qc3 Bf6 26. Bd6 Re8 27. b5 axb5 28. axb5 e5 29. dxe5 Bxe5 30. Bxe5 Rxe5 31. bxc6 bxc6 32. Rb6 Re6 33. Rb4 Qe5 34. Rd4 Rb7 35. Qc4 Rb5 36. Rd8 f4 37. Qd4 f3 38. g4 Qxd4 39. Rxd4 Rb8 40. Rd6 Rbe8 41. Rcd1 Kg6 42. Kh2 Kf7 43. h4 g5 44. Kg3 Rxd6 45. Rxd6 Re6 46. Rd8 Re5 47. Rd7+ Re7 48. Rd4 Re5 49. Rb4 Kf6 50. Ra4 Ke6 51. Ra7 Kd5 52. Rg7 Kxc5 53. Rg6 Kb5 54. Rxh6 gxh4+ 55. Kf4 Re8 56. Rxh4 c5 57. g5 c4 58. g6 c3 59. g7 Rg8 60. Kxe4 c2 61. Rh1 Kc4 62. Rh8 c1=Q 63. Rxg8 Qc2+ 64. Kf4 Kd3 65. Rd8+ Ke2 66. g8=Q Qc7+ 67. Kg4 Kxf2 68. Qa2+ Kxe3 69. Qd2+ 1-0

[Event "28th Bosnjaci Open 2024"]
[Site "Bosnjaci"]
[Date "2024.01.05"]
[Round "4.19"]
[White "Drmic, Bozo"]
[Black "Vucenovic, Damian"]
[Result "0-1"]
[ECO "C24"]
[WhiteElo "2000"]
[BlackElo "2193"]
[Annotator "RC"]
[PlyCount "108"]
[EventDate "2024.01.02"]
[EventType "swiss"]
[EventCountry "CRO"]
[SourceTitle "playchess.com"]
[Source "ChessBase"]
[SourceQuality "1"]
[TimeControl "5400+30"]

1. e4 e5 2. Bc4 Nf6 3. d3 Bc5 4. Ne2 Nc6 5. a3 d6 6. h3 Be6 7. Nbc3 Qd7 8. Ng3 Ne7 9. Bg5 O-O-O 10. Bxf6 gxf6 11. Nh5 f5 12. Nf6 Qc6 13. Bd5 Bxd5 14. Ncxd5 Nxd5 15. Nxd5 Qd7 16. exf5 c6 17. Ne3 Bxe3 18. fxe3 Qxf5 19. Rf1 Qg5 20. Qf3 Rd7 21. O-O-O h5 22. g4 hxg4 23. hxg4 Rg8 24. Rg1 d5 25. Kb1 Rg6 26. Rdf1 c5 27. Qg3 Qe7 28. g5 c4 29. Rf5 Rb6 30. Ka2 c3 31. Rb1 e4 32. d4 cxb2 33. Rxb2 Ra6 34. Rb3 Rc7 35. Kb2 Rac6 36. c3 Qd7 37. Qe5 Rd6 38. Rf2 a5 39. Rh2 Kb8 40. a4 Re6 41. Rh8+ Ka7 42. Qf5 Qxa4 43. Qxd5 Rec6 44. Ra3 Rb6+ 45. Rb3 Rbc6 46. Rh2 Qc4 47. Qxe4 a4 48. Ra3 Rb6+ 49. Ka1 Qf1+ 50. Ka2 Qc4+ 51. Ka1 Rb3 52. Rxb3 axb3 53. Rb2 Qa6+ 54. Kb1 Qf1# 0-1

[Event "28th Bosnjaci Open 2024"]
[Site "Bosnjaci"]
[Date "2024.01.06"]
[Round "5.1"]
[White "Plenkovic, Zdenko"]
[Black "Muratovic, Efim"]
[Result "1/2-1/2"]
[ECO "C42"]
[WhiteElo "2335"]
[BlackElo "2345"]
[Annotator "RC"]
[PlyCount "49"]
[EventDate "2024.01.02"]
[EventType "swiss"]
[EventCountry "CRO"]
[SourceTitle "playchess.com"]
[Source "ChessBase"]
[SourceQuality "1"]
[TimeControl "5400+30"]

1. e4 e5 2. Nf3 Nf6 3. Nxe5 d6 4. Nf3 Nxe4 5. Nc3 Nf6 6. d4 Be7 7. Be3 O-O 8. h3 Nbd7 9. Bd3 Nb6 10. O-O Be6 11. Ne2 Qc8 12. Ng3 c5 13. c3 Re8 14. Re1 Qc6 15. Nf5 Bf8 16. Bg5 c4 17. Bc2 Nbd7 18. Qd2 Bd5 19. Bxf6 Nxf6 20. Qg5 Bxf3 21. Nh6+ Kh8 22. Nxf7+ Kg8 23. Nh6+ Kh8 24. gxf3 Qxf3 25. Nf7+ 1/2-1/2